 Dungeon Crawl Stone Soup version 0.30-a0-168-g0b976cbdc4 (webtiles) character file.

Game seed: 11975438575791977684

76 raistware the Conjurer (level 4, -4/27 HPs)
             Began as an Octopode Conjurer on Sept 29, 2022.
             Frozen to death by an endoplasm (5 damage)
             ... on level 3 of the Dungeon.
             The game lasted 00:02:57 (2006 turns).

raistware the Conjurer (Octopode Conjurer)          Turns: 2006, Time: 00:02:59

Health: -4/27      AC:  1    Str: 12    XL:     4   Next: 32%
Magic:  10/10      EV: 13    Int: 22    God:
Gold:   78         SH:  0    Dex: 10    Spells: 6/11 levels left

rFire   . . .      SeeInvis .    q - +0 hand axe
rCold   . . .      Faith    .    (no shield)
rNeg    . . .      Spirit   .    (helmet restricted)
rPois   .          Reflect  .    (no amulet)
rElec   .          Harm     .    d - ring of willpower
rCorr   .          Rampage  .    i - +6 ring of strength
Will    +....                    (no ring)
Stlth   +++.......               (no ring)
HPRegen 0.09/turn                (no ring)
MPRegen 0.12/turn                (no ring)
                                 (no ring)
                                 (no ring)

@: brilliant
A: almost no armour, amphibious, 8 rings, camouflage 1, gelatinous body 1,
(nimble swimmer 1), tentacles
a: no special abilities


You were on level 3 of the Dungeon.
You visited 1 branch of the dungeon, and saw 3 of its levels.

You collected 78 gold pieces.

Inventory:

Hand Weapons
 q - a +0 hand axe (weapon)
Missiles
 n - 5 poisoned darts
Jewellery
 d - a ring of willpower (left tentacle)
 i - a +6 ring of strength (right tentacle)
Scrolls
 b - a scroll of magic mapping {unknown}
 f - 2 scrolls of identify {unknown}
 j - a scroll of immolation {unknown}
 k - a scroll of amnesia {unknown}
 m - a scroll of enchant armour {unknown}
 o - a scroll of vulnerability {unknown}
Potions
 a - a potion of magic
 c - a potion of haste {unknown}
 e - a potion of flight {unknown}
 g - a potion of mutation {unknown}
 h - 2 potions of ambrosia {unknown}
 l - a potion of curing {unknown}
 p - 2 potions of brilliance


   Skills:
 - Level 2.0 Dodging
 - Level 2.6 Stealth
 - Level 4.0 Spellcasting
 + Level 4.1 Conjurations
 + Level 0.1 Translocations


You had 6 spell levels left.
You knew the following spells:

 Your Spells              Type           Power      Damage    Failure   Level
a - Magic Dart            Conj           100%       1d8       1%          1
b - Iskenderun's Mystic   Conj/Tloc      20%        2d6       41%         4

Your spell library contained the following spells:

 Spells                   Type           Power      Damage    Failure   Level
 Searing Ray              Conj           68%        2d6       3%          2
 Dazzling Flash           Conj/Hex       40%        N/A       14%         3
 Fulminant Prism          Conj/Hex       10%        3d9       43%         4


Dungeon Overview and Level Annotations

Branches:
Dungeon (3/15)

Altars:


Innate Abilities, Weirdness & Mutations

You cannot wear most types of armour.
You are amphibious.
You can wear up to eight rings at the same time.
Your skin changes colour to match your surroundings (Stealth+).
Your rubbery body absorbs attacks. (AC +1, EV +1)
((You are camouflaged when in or above water. (Stealth+)))
You have tentacles for arms and can constrict up to eight enemies at once.


Message History

Found a stone staircase leading down.
A dart slug comes into view.
Found a scroll labelled SAGODYRGHAF.
The dart slug launches a dart at you. The slug dart hits you.
There is a large open door here.
Found a book of Cantrips.
The endoplasm quivers.
The dart slug launches a dart at you. The slug dart hits you.
You catch the helpless orc wizard completely off-guard!
You hit the orc wizard. You grab the orc wizard.
The orc wizard is lightly wounded.
You constrict the orc wizard, but do no damage.
The orc wizard casts a spell at you. The magic dart hits you.
The dart slug launches a dart at you. The slug dart misses you.
The slug dart hits the orc wizard.
You hit the orc wizard.
The orc wizard is moderately wounded.
You constrict the orc wizard. The orc wizard closely misses you.
The orc wizard hits you with a +0 dagger.
Unknown command.
You hit the orc wizard.
The orc wizard is severely wounded.
You hit the endoplasm. You constrict the orc wizard.
The endoplasm closely misses you.
The orc wizard hits you with a +0 dagger.
* * * LOW HITPOINT WARNING * * *
The dart slug launches a dart at you. The slug dart hits you.
* * * LOW HITPOINT WARNING * * *
Unknown command.
It was a potion of brilliance.
You feel clever all of a sudden.
You constrict the orc wizard.
You kill the orc wizard!
The endoplasm freezes you.
You are frozen.
You die...

...# #. ....##...
####++####...#....
#........#....>.?.
#........#........
####..##.#..#w.......
#..'..#.≈...'........
#.)'..†≈.#..'.J......
#.##..#.##..#@.......
#.##........#).#.....
#.##..).....#### ...:
#..####')#### ...
#..........###
#..............
#..<.......###.
#..........#
#..........#


You could see a dart slug and an endoplasm.

Vanquished Creatures
  2 orc wizards (D:3)
  A worm (D:2)
  3 orcs (D:3)
  4 bats
  5 endoplasms (D:1)
  7 goblins
  5 hobgoblins (D:1)
  4 kobolds
  2 quokkas
  3 ball pythons (D:1)
  A frilled lizard (D:1)
  4 rats
41 creatures vanquished.

Vanquished Creatures (others)
  9 plants (D:3)
9 creatures vanquished.

Grand Total: 50 creatures vanquished

Notes
Turn   | Place    | Note
-------+----------+-------------------------------------------
     0 | D:1      | raistware the Octopode Conjurer began the quest for the
                  | Orb.
     0 | D:1      | Reached XP level 1. HP: 11/11 MP: 3/3
   228 | D:1      | Found a faded altar of an unknown god.
   268 | D:1      | Reached XP level 2. HP: 17/17 MP: 0/5
   830 | D:1      | Reached XP level 3. HP: 19/21 MP: 3/7
  1887 | D:3      | Reached XP level 4. HP: 27/27 MP: 0/10
  1893 | D:3      | Learned a level 4 spell: Iskenderun's Mystic Blast
  2005 | D:3      | HP: 1/27 [dart slug/slug dart (4)]
  2006 | D:3      | Frozen to death by an endoplasm

Illustrated notes

Levels and vault maps discovered:
D:1:      tarquinn_simple_flora_water_e, layout_loops_ring,
          hellmonk_ecumenical_altar_slurped_away,
          hangedman_decor_clover_reticule, amethyst_killhole,
          minmay_tetromino_s2
D:2:      layout_rooms
D:3:      due_chaos_kobolds, layout_rooms, nicolae_elyvilon_temple_path,
          kennysheep_generic_room_4

Skill      XL: |  1  2  3 |
---------------+----------+-----
Spellcasting   | 3 4 |  4.0
Dodging        | |  2.0
Stealth        | |  2.6
Conjurations   | |  4.1
Translocations | |  0.1

Action                   |  1- 3 |  4- 6 || total
-------------------------+-------+-------++-------
Melee: Unarmed           |     4 |     2 ||     6
       Hand axe          |       |     3 ||     3
       Constrict         |       |     2 ||     2
       Punch             |       |     1 ||     1
       Tentacles         |       |     1 ||     1
 Cast: Magic Dart        |    77 |     2 ||    79
  Use: Potion            |       |     1 ||     1
 Stab: Distracted        |       |     1 ||     1
Armor: Skin              |     1 |       ||     1
Dodge: Dodged            |     4 |     4 ||     8

Table legend: (Time is in decaauts)
 A = Elapsed time spent in this place.
 B = Non-inter-level travel time spent in this place.
 C = Inter-level travel time spent in this place.
 D = Time resting spent in this place.
 E = Time spent auto-exploring this place.
 F = Levels seen in this place.
 G = Mean time per level.
                   A        B        C        D        E       F      G
               +--------+--------+--------+--------+--------+-----+--------+
         Total |   2004 |   1938 |     66 |      0 |   1760 |   3 |  668.0 |
       Dungeon |   2004 |   1938 |     66 |      0 |   1760 |   3 |  668.0 |
               +--------+--------+--------+--------+--------+-----+--------+

Top non-repeatable levels by time:
     D:1: 1373 daAuts
     D:2: 479 daAuts
     D:3: 152 daAuts
